 Dungeon Crawl Stone Soup version 0.30.0-5-g1a98f26d00 (webtiles) character file.

Game seed: 12453567114864061924

80 greasedhog the Digger (level 4, -1/24 HPs)
             Began as a Gargoyle Earth Elementalist on May 11, 2023.
             Slain by an ogre
             ... wielding a +0 giant club
              (25 damage)
             ... on level 2 of the Dungeon.
             The game lasted 00:02:36 (1361 turns).

greasedhog the Digger (Gargoyle Earth Elementalist) Turns: 1361, Time: 00:02:36

Health: -1/24      AC:  5    Str: 11    XL:     4   Next: 39%
Magic:  3/8        EV: 11    Int: 18    God:
Gold:   95         SH:  3    Dex: 10    Spells: 7/8 levels left

rFire   . . .        j - staff of death
rCold   . . .        h - +0 buckler
rNeg    + + .        a - +0 robe
rPois   ∞            (no helmet)
rElec   +            (no cloak)
rCorr   .            (no gloves)
SInv    .            (no boots)
Will    .....        (no amulet)
Stlth   ++           (no ring)
HPRegen 0.24/turn    (no ring)
MPRegen 0.11/turn

%: no passive effects
@: no status effects
A: sickness immunity, AC +3, negative energy resistance 1, electricity
resistance, torment resistance 1, petrification resistance
a: no special abilities


You were on level 2 of the Dungeon.
You visited 1 branch of the dungeon, and saw 2 of its levels.

You collected 95 gold pieces.

Inventory:

Missiles
 e - 5 poisoned darts
Armour
 a - a +0 robe (worn)
 h - a +0 buckler (worn)
Magical Staves
 j - a staff of death (weapon)
Jewellery
 c - a ring of fire
Scrolls
 f - 2 scrolls of enchant armour {unknown}
 g - a scroll of amnesia {unknown}
 i - a scroll of teleportation {unknown}
 k - a scroll of fear {unknown}
 l - a scroll of identify {unknown}
 n - a scroll of magic mapping {unknown}
Potions
 b - a potion of magic
 d - a potion of cancellation {unknown}
 m - a potion of degeneration {unknown}


   Skills:
 - Level 1.5 Dodging
 - Level 2.1 Stealth
 + Level 2.8 Spellcasting
 - Level 1.0 Transmutations
 * Level 5.3 Earth Magic


You had 7 spell levels left.
You knew the following spells:

 Your Spells              Type           Power      Damage    Failure   Level
a - Sandblast             Erth           42%        2d11      2%          1

Your spell library contained the following spells:

 Spells                   Type           Power      Damage    Failure   Level
 Passwall                 Tmut/Erth      11%        N/A       10%         2
 Stone Arrow              Conj/Erth      24%        3d8       24%         3
 Petrify                  Tmut/Erth      14%        N/A       54%         4


Dungeon Overview and Level Annotations

Branches:
Dungeon (2/15)

Altars:


Innate Abilities, Weirdness & Mutations

You are immune to sickness and miasma.
Your stone body is resilient. (AC +3)
You are immune to poison.
You resist negative energy. (rN+)
You are resistant to electric shocks. (rElec)
You are resistant to unholy torment.
You are immune to petrification.


Message History

Found 2 stones.
Found a stone staircase leading up.
The frilled lizard hisses angrily.
The dart slug launches a dart at you. The slug dart misses you.
The dart slug launches a dart at you. The slug dart misses you.
The blast of sand hits the dart slug!
You kill the dart slug!
You can't see any susceptible monsters within range! (Use Z to cast anyway.)
A goblin comes into view. It is wielding a +0 club.
There are monsters nearby!
The blast of sand hits the frilled lizard!
You kill the frilled lizard!
The goblin shouts!
The blast of sand hits the goblin!
You kill the goblin!
You can't see any susceptible monsters within range! (Use Z to cast anyway.)
Things that are here:
a +0 club; a goblin corpse You now have 78 gold pieces (gained 9).
You now have 95 gold pieces (gained 17).
A frilled lizard and an ogre come into view.
The frilled lizard hisses angrily.
The ogre shouts!
You hear a shout!
There are monsters nearby!
There are monsters nearby!
The blast of sand misses the frilled lizard.
A kobold comes into view. It is wielding a +0 short sword.
The blast of sand hits the frilled lizard!!
You kill the frilled lizard!
The kobold throws a stone.
The stone barely misses you.
The blast of sand hits the ogre!
The ogre is moderately wounded.
The blast of sand hits the ogre.
The ogre is heavily wounded.
You block the ogre's attack.
The blast of sand hits the ogre.
The ogre is severely wounded.
The ogre hits you with a +0 giant club!!
Ouch! That really hurt!
You die...

..........##.#
##.###.##.##.#####
...# #.#.........#
...# #.......###.#
##.# ###..#### #.#
##.## #..# #.#
..(.. #... #.#
..<.. #.### #.#
.....# #. #@#
..... #.#.....O.#
..... ......K.#
..... #...##!##
..... #.. #. #####
#. .. # # ## #


You could see an ogre and a kobold.

Vanquished Creatures
  4 adders (D:2)
  2 dart slugs
  5 endoplasms
  6 goblins
  4 hobgoblins (D:1)
  2 kobolds (D:1)
  A quokka (D:2)
  3 ball pythons (D:1)
  4 bats
  3 frilled lizards
  5 rats
39 creatures vanquished.

Notes
Turn   | Place    | Note
-------+----------+-------------------------------------------
     0 | D:1      | greasedhog the Gargoyle Earth Elementalist began the quest
                  | for the Orb.
     0 | D:1      | Reached XP level 1. HP: 10/10 MP: 3/3
     5 | D:1      | Noticed an elephant
   115 | D:1      | Reached skill level 1 in Transmutations
   115 | D:1      | Reached skill level 4 in Earth Magic
   115 | D:1      | Reached XP level 2. HP: 15/15 MP: 0/5
   395 | D:1      | Noticed an elephant
   472 | D:1      | Reached XP level 3. HP: 18/19 MP: 0/6
   982 | D:2      | Reached skill level 5 in Earth Magic
   982 | D:2      | Reached XP level 4. HP: 24/24 MP: 0/8
  1055 | D:2      | Found a faded altar of an unknown god.
  1186 | D:2      | Identified the +1 ring mail of the Yeti {rF+ Dex+3}
  1356 | D:2      | Noticed an ogre
  1361 | D:2      | Slain by an ogre

Illustrated notes

Levels and vault maps discovered:
D:1:      sevenhm_arrival_forest_fort_small_2, layout_loops_ring,
          serial_bayou_lake_a
D:2:      layout_loops_cross, shapermc_ecumenical_altar_pompeii

Skill      XL: |  1  2  3 |
---------------+----------+-----
Transmutations | 1 |  1.0
Earth Magic    | 4 5 |  5.3
Dodging        | |  1.5
Stealth        | |  2.1
Spellcasting   | |  2.8

Action                     |  1- 3 |  4- 6 || total
---------------------------+-------+-------++-------
  Melee: Unarmed           |     6 |       ||     6
         Staff             |       |     3 ||     3
   Cast: Sandblast         |    34 |    17 ||    51
 Armour: Robe              |     5 |     1 ||     6
  Dodge: Dodged            |    12 |     7 ||    19
  Block: Buckler           |       |     1 ||     1
